Unix NetHack Version 3.7.0-82 Work-in-progress - last build Apr 17 2023 03:07:26 (e853d47aa369caa3f400cfc56ad4c4ae4a18b75a,branch:master). Game began 2023-04-23 12:53:52, ended 2023-09-10 13:14:30. n00b, chaotic female elven Wizard --- --- --- |1| |1| |1| --------------- |.......-.-...| ---|----|.|---- |...V@|.`>| ---+----|.|---- |.......+.+...| --------------- |1| |1| |1| --- --- --- N00b the Sorceress St:18 Dx:16 Co:16 In:24 Wi:22 Ch:9 Chaotic S:442143 Dlvl:31 $:0 HP:116(116) Pw:52(313) AC:-23 Xp:18/1284998 T:34191 Latest messages: q - an uncursed amulet versus poison. l - an uncursed scroll of teleportation. C - a cursed potion of extra healing. o - a wand of death (0:7). r - a wand of polymorph (0:5). v - the uncursed Candelabrum of Invocation (0 of 7 candles attached). D - an uncursed ring of polymorph control. F - a wand of nothing (0:12). What do you want to use or apply? [bdfhjkn-prsvwzFKTZ or ?*] b What do you want to use or apply? [bdfhjkn-prsvwzFKTZ or ?*] b You put 286 gold pieces into the bag of holding. You put an uncursed amulet versus poison into the bag of holding. You put a +0 silver dagger into the bag of holding. You put an uncursed scroll of teleportation into the bag of holding. You put a cursed potion of extra healing into the bag of holding. You put an uncursed ring of invisibility into the bag of holding. Really save? [yn] (n) y Saving... Restoring save file... Hello n00b, the elven Wizard, welcome back to NetHack! Really quit? [yn] (n) y Do you want your possessions identified? [ynq] (y) q Inventory: Amulets U - an uncursed amulet of life saving (being worn) H - the blessed Eye of the Aethiopica Weapons E - the blessed rustproof +5 Magicbane Armor Y - an uncursed greased rustproof +5 helm of brilliance (being worn) X - an uncursed fireproof +0 pair of gauntlets of dexterity (being worn) c - an uncursed fireproof +0 pair of water walking boots (being worn) a - a cursed +0 cloak of displacement Q - an uncursed greased fireproof +3 cloak of magic resistance (being worn) m - a blessed fireproof +5 Hawaiian shirt with an orchid motif (being worn) i - an uncursed +0 silver dragon scale mail (being worn) Comestibles A - an uncursed lizard corpse Rings t - an uncursed ring of free action (on right hand) D - an uncursed ring of polymorph control S - an uncursed ring of shock resistance e - an uncursed ring of stealth (on left hand) Wands o - a wand of death (0:7) j - a wand of digging (2:1) n - a wand of fire (0:1) F - a wand of nothing (0:12) r - a wand of polymorph (0:5) T - a wand of teleportation (1:3) p - a wand of teleportation (0:1) Tools b - a blessed greased bag of holding containing 124 items Z - an uncursed sack containing 1 item z - an uncursed tooled horn K - the Bell of Opening (0:3) v - the uncursed Candelabrum of Invocation (0 of 7 candles attached) f - a magic marker (1:31) w - an uncursed magic whistle k - an uncursed skeleton key s - an uncursed stethoscope d - an uncursed towel h - a blessed +0 unicorn horn Gems/Stones B - an uncursed aquamarine stone I - a blessed luckstone Contents of the bag of holding: 1939 gold pieces an uncursed amulet of flying an uncursed amulet of reflection an uncursed amulet of unchanging an uncursed amulet versus poison a +0 silver dagger a rustproof +6 aklys an uncursed +0 cornuthaum an uncursed +0 pair of leather gloves an uncursed fireproof +0 pair of jumping boots a blessed +2 pair of speed boots an uncursed +0 mummy wrapping an uncursed +0 mummy wrapping an uncursed +0 oilskin cloak 3 uncursed slime molds 6 uncursed food rations 3 uncursed K-rations 2 uncursed lembas wafers an uncursed tripe ration an uncursed lizard corpse an uncursed scroll of amnesia 7 blessed scrolls of blank paper 4 uncursed scrolls of blank paper a cursed scroll of blank paper an uncursed scroll of create monster a cursed scroll of destroy armor 4 uncursed scrolls of enchant armor a blessed scroll of genocide 3 uncursed scrolls of genocide a cursed scroll of genocide 3 uncursed scrolls of gold detection a blessed scroll of identify an uncursed scroll of identify 2 uncursed scrolls of magic mapping an uncursed scroll of punishment 2 blessed scrolls of remove curse 3 uncursed scrolls of remove curse a blessed scroll of scare monster 2 uncursed scrolls of taming 2 uncursed scrolls of teleportation 5 cursed scrolls of teleportation an uncursed spellbook of blank paper a cursed potion of extra healing an uncursed potion of fruit juice an uncursed potion of gain energy 3 uncursed potions of levitation a blessed potion of monster detection 3 uncursed potions of object detection an uncursed potion of oil an uncursed potion of paralysis an uncursed potion of polymorph a blessed potion of sickness 2 uncursed potions of speed 8 potions of holy water 3 uncursed potions of water 2 potions of unholy water an uncursed ring of invisibility an uncursed ring of levitation an uncursed ring of polymorph an uncursed ring of polymorph control an uncursed +0 ring of protection an uncursed ring of protection from shape changers an uncursed ring of regeneration an uncursed ring of slow digestion an uncursed ring of sustain ability an uncursed ring of teleport control a wand of cold (0:2) a wand of create monster (0:12) a wand of death (1:0) a wand of digging (1:7) a wand of digging (0:5) a wand of digging (0:5) a wand of digging (0:5) a wand of enlightenment (1:12) a wand of light (0:12) a wand of light (0:12) a wand of locking (0:5) a wand of opening (0:8) a wand of probing (2:5) a wand of secret door detection (0:13) a wand of sleep (0:8) a wand of sleep (0:8) a wand of striking (0:8) a wand of teleportation (1:11) a wand of teleportation (0:5) a wand of teleportation (4:1) a wand of teleportation (0:1) a wand of undead turning (0:4) a wand of undead turning (1:4) a wand of wishing (1:2) an uncursed blindfold a can of grease (0:21) an expensive camera (0:38) a magic marker (1:88) a magic marker (1:50) a magic marker (0:8) an uncursed oil lamp an uncursed oil lamp an uncursed oil lamp an uncursed oil lamp an uncursed oil lamp a +0 pick-axe an uncursed skeleton key 10 uncursed tallow candles a +0 unicorn horn a +0 unicorn horn 4 blessed wax candles 2 uncursed wax candles 2 uncursed amethyst stones 3 uncursed black opals an uncursed chrysoberyl stone 3 uncursed citrine stones 2 uncursed diamonds 4 uncursed emeralds 2 uncursed fluorite stones 4 uncursed jacinth stones 4 uncursed jade stones 2 uncursed jet stones 2 uncursed rubies an uncursed sapphire an uncursed topaz stone an uncursed turquoise stone a blessed luckstone a blessed touchstone Contents of the sack: a wand of cancellation (1:2) N00b the Wizard's attributes: Background: You were a Sorceress, a level 18 female elven Wizard. You were chaotic, on a mission for Anhur who was opposed by Ptah (lawful) and Thoth (neutral). You were in Vlad's Tower, on level 31. You entered the dungeon 34191 turns ago. You had 1284998 experience points, 1275002 more were needed for level 19. Your score was 442143 before end-of-game adjustments. Basics: You had all 116 hit points. You had 52 out of 313 energy points (spell power). Your armor class was -23. Your wallet was empty, but you had 1939 zorkmids stashed away in your pack. Autopickup was off. Final Characteristics: Your strength was 18 (limit:18). Your dexterity was 16 (limit:18). Your constitution was 16 (limit:16). Your intelligence was 24 (base:19, innate limit:20). Your wisdom was 22 (base:17, innate limit:20). Your charisma was 9 (limit:18). Final Status: You were not hungry. You were unencumbered. You were empty handed. You were unskilled in bare handed combat and could have enhanced that. Final Attributes: You were piously aligned. You were magic-protected. You were fire resistant. You were cold resistant. You were sleep resistant. You were disintegration resistant. You were shock resistant. You were poison resistant. You saw invisible. You were telepathic. You were warned. You had infravision. You were invisible to others. You were stealthy. You could teleport. You had teleport control. You could walk on water. You had a moderate defense bonus (+7). You were warded. You took half spell damage. You were very fast. You had reflection. You had free action. Your life would have been saved. You were extremely lucky. You had extra luck. Good luck did not time out for you. You survived. Miscellaneous: You never encountered a bones level. Total elapsed playing time was 15 hours, 39 minutes and 6 seconds. Major events: Turn 1: n00b the chaotic female elven Wizard entered the dungeon 553: entered the Gnomish Mines 554: attained the rank of Conjurer (level 3) 2066: entered Sokoban 2415: completed 1st Sokoban level 3257: completed 2nd Sokoban level 3598: attained the rank of Thaumaturge (level 6) 4338: completed 3rd Sokoban level 5736: completed 4th Sokoban level 6235: acquired the Sokoban bag of holding 7937: reached Mine Town 9901: acquired the Mines' End luckstone 13414: attained the rank of Magician (level 10) 14499: entered the Bigroom 25480: attained the rank of Enchantress (level 14) 26981: killed the Dark One 26984: found the Eye of the Aethiopica on the floor 26986: acquired the Bell of Opening 27301: entered Gehennom 27576: made her first wish - "marker", got "a magic marker" 27945: killed Medusa 28039: wished for "marker", got "a magic marker" 30701: was bestowed with Magicbane by Anhur 33658: attained the rank of Sorceress (level 18) 34088: killed Orcus 34184: destroyed Vlad the Impaler 34185: acquired the Candelabrum of Invocation 34191: quit Vanquished creatures: Orcus Vlad the Impaler an arch-lich Medusa 2 iron golems a master lich 2 titans a glass golem 2 gray dragons a gold dragon 6 silver dragons a red dragon a white dragon an orange dragon a black dragon a blue dragon 2 green dragons a yellow dragon the Dark One a baluchitherium an Olog-hai 2 titanotheres a trapper a baby black dragon 2 genetic engineers a disenchanter 4 vampire leaders 6 skeletons 5 shades 3 liches a clay golem a nurse 4 ice devils a frost giant a golden naga a black pudding 10 vampires 3 lieutenants 23 ghosts a rogue a wizard a winged gargoyle a mind flayer 5 giant mimics 3 fire giants 2 ogre tyrants 5 ice trolls 5 rock trolls an umber hulk a flesh golem 5 bone devils 10 large mimics a wumpus 5 stalkers 3 fire elementals 3 earth elementals a water elemental 5 hill giants 3 black nagas 10 xorns 10 giant zombies an elf-noble 7 sergeants a water demon 3 barbed devils a vrock 7 wargs 10 small mimics 2 glass piercers 2 warhorses 3 xans 4 ettin mummies 3 ogre leaders 2 quantum mechanics 7 trolls a sasquatch a wood golem 4 sharks a gelatinous cube 2 pyrolisks a large dog 3 flaming spheres a shocking sphere a large cat 2 tigers 5 gargoyles 2 dwarf rulers 9 tengu 3 ochre jellies 4 leocrottas a mountain centaur 12 stone giants 2 elf mummies a human mummy a green slime 2 pythons a pit viper 2 cobras 27 wraiths 6 ettin zombies 47 soldiers 4 watchmen 7 amorous demons 3 chameleons 2 crocodiles 4 giant beetles 7 cockatrices 3 wolves 5 winter wolf cubs 2 lynxes 2 panthers 14 gremlins a spotted jelly 7 leprechauns 4 orc-captains 4 iron piercers a mumak 18 giant spiders 3 scorpions 3 horses an ice vortex 6 black lights 32 vampire bats 6 forest centaurs 7 gnome rulers 4 orc mummies 2 dwarf mummies an ogre 3 brown puddings 4 rust monsters 6 owlbears 5 yetis a gold golem a werewolf 7 giant eels 5 lizards 3 chickatrices 4 dingoes a jaguar 6 blue jellies 9 white unicorns 9 gray unicorns 2 dust vortices 9 ravens 5 plains centaurs 2 gnome mummies 4 snakes 2 water moccasins 5 apes 12 human zombies 3 rope golems a Woodland-elf 7 soldier ants 2 fire ants 20 bugbears 4 imps 8 quasits 4 wood nymphs 10 water nymphs 7 mountain nymphs 23 Mordor orcs 9 Uruk-hai 5 orc shamans 3 rock piercers 3 rock moles 7 ponies 2 fog clouds 8 yellow lights 3 shriekers a violet fungus 21 gnome leaders 9 gnomish wizards a kobold mummy a golden naga hatchling 3 gray oozes 2 barrow wights 14 elf zombies 9 ghouls a straw golem 8 giant ants 4 little dogs 8 floating eyes a kitten 21 dwarves 10 homunculi 3 kobold leaders 2 kobold shamans 31 hill orcs 19 rothes 5 rabid rats 21 giant bats 8 monkeys 8 orc zombies 12 dwarf zombies 4 wererats 5 werejackals 9 iguanas 13 killer bees 41 acid blobs 3 coyotes 2 gas spores 5 hobbits 2 manes 7 large kobolds 22 hobgoblins 16 giant rats 7 cave spiders a brown mold 6 yellow molds 6 red molds 74 gnomes 16 garter snakes 4 gnome zombies 9 geckos 8 jackals 3 foxes 6 kobolds 7 goblins a sewer rat 6 grid bugs 11 bats 4 lichens 14 kobold zombies 7 newts 1306 creatures vanquished. Extinct species: soldiers (extinct) 1 species extinct. Voluntary challenges: You read items or engraved 111 times. You never engraved Elbereth. You never genocided any monsters. You never changed form. You used 2 wishes. You did not wish for any artifacts. You did not violate any of the special Sokoban rules. Achievements: You entered the Gnomish Mines. You attained the rank of Conjurer. You entered a shop. You entered Sokoban. You attained the rank of Thaumaturge. You completed Sokoban. You entered a temple. You entered Minetown. You completed the Gnomish Mines. You attained the rank of Magician. You entered the Big Room. You learned the tune to open and close the Castle's drawbridge. You attained the rank of Enchantress. You had the Bell of Opening. You entered Gehennom. You defeated Medusa. You attained the rank of Sorceress. You had the Candelabrum of Invocation. The Dungeons of Doom: levels 1 to 25 Level 1: Level 2: An altar to Anhur. Stairs down to The Gnomish Mines. Level 3: A scroll shop. Level 4: Level 5: Oracle of Delphi. Level 6: "$" Stairs up to Sokoban, level 5. Level 7: Level 8: "$" Level 9: A fountain. Level 10: A health food store. Level 11: A fountain. Portal to The Quest. Level 12: A very big room. Level 13: A sink. Level 14: A fountain. Level 15: Level 16: A primitive area. Level 17: "graveyard" A fountain, many graves. Level 18: Many fountains, a grave. Level 19: "$+oFoD" Level 20: "throne room upstairs" Many altars. Portal to Fort Ludios. Level 21: Many fountains. Level 22: Level 23: Level 24: Level 25: A fountain. The castle (play notes "DFFAF" to open or close drawbridge). Connection to Gehennom. Gehennom: levels 26 to 45 Level 26: A temple, many graves. Valley of the Dead. Level 27: Level 33: Level 34: Stairs up to Vlad's Tower, level 33. Level 35: Level 36: "rodney" Level 37: Level 38: Level 39: "orcus" Some shops, an altar, many graves. Level 40: Level 41: "fakefakewiz" Level 42: "realfakewiz" Level 43: Level 44: Level 45: Gateway to Moloch's Sanctum. The Gnomish Mines: levels 3 to 11 Level 3: Level 4: Level 5: Level 6: Some shops, a temple to Anhur, a fountain. Level 7: Level 8: Level 9: Level 10: "poly trap, green D" Level 11: "BoH" The Quest: levels 1 to 5 Level 1: Completed quest for Neferet the Green. Level 2: "Spellbooks R Us" Level 3: Level 4: Level 5: A temple to Anhur. Sokoban: levels 5 up to 2 Level 2: Solved. Level 3: Solved. Level 4: Solved. Level 5: Solved. Fort Ludios: Level 1: Vlad's Tower: levels 33 up to 31 Level 31: <- You were here. A throne. Level 32: Level 33: Goodbye n00b the Wizard... You quit in Vlad's Tower on dungeon level 31 with 442143 points, and 1939 pieces of gold, after 34191 moves. You were level 18 with a maximum of 116 hit points when you quit.